 Dungeon Crawl Stone Soup version 0.27-a0-419-g7a85846853 (webtiles) character file.

Game seed: 3228471186561721910

48 Chiseanne the Skirmisher (level 3, 3/29 HPs)
             Began as a Demonspawn Wanderer on Feb 26, 2021.
             Quit the game on level 2 of the Dungeon.
             The game lasted 00:03:36 (2450 turns).

Chiseanne the Skirmisher (Demonspawn Wanderer)      Turns: 2450, Time: 00:03:37

Health: 3/29       AC:  6    Str:  9    XL:     3   Next: 50%
Magic:  0/6        EV: 11    Int: 17    God:
Gold:   149        SH:  0    Dex: 12    Spells: 5/6 levels left

rFire    . . .     SeeInvis .   a - +0 short sword
rCold    . . .     Faith    .   (no shield)
rNeg     . . .     Spirit   .   k - +1 robe
rPois    .         Reflect  .   l - +0 helmet
rElec    .         Harm     .   (no cloak)
rCorr    .         Rampage  .   (no gloves)
Will     .....                  (no boots)
Stlth    ++........             (no amulet)
HPRegen  0.09/turn              (no ring)
MPRegen  0.10/turn              (no ring)

@: no status effects
A: slimy green scales 1, demonic guardian 1
a: no special abilities


You were on level 2 of the Dungeon.
You visited 1 branch of the dungeon, and saw 3 of its levels.

You collected 149 gold pieces.

Inventory:

Hand Weapons
 a - a +0 short sword (weapon)
 w - a +0 hunting sling
Missiles
 c - 21 poisoned darts
 g - 64 stones
 i - 23 arrows
Armour
 d - a +0 kite shield
 k - a +1 robe (worn)
 l - a +0 helmet (worn)
Scrolls
 b - 2 scrolls of teleportation {unknown}
 j - a scroll of fear {unknown}
 m - a scroll of enchant weapon {unknown}
Potions
 e - 2 potions of lignification {unknown}
 f - 3 potions of brilliance {unknown}
 h - a potion of curing {unknown}


   Skills:
 - Level 3.2 Fighting
 - Level 2.1 Armour
 - Level 1.0 Stealth
 * Level 1.6 Shields
 * Level 2.4 Spellcasting
 * Level 0.7 Conjurations
 * Level 1.3 Fire Magic


You had 5 spell levels left.
You knew the following spells:

 Your Spells              Type           Power        Failure   Level
a - Foxfire               Conj/Fire      20%          12%         1

Your spell library contained the following spells:

 Spells                   Type           Power        Failure   Level
 Ignite Poison            Fire/Tmut/Pois 3%           43%         3


Dungeon Overview and Level Annotations

Branches:
Dungeon (3/15)

Altars:


Innate Abilities, Weirdness & Mutations

You are partially covered in slimy green scales. (AC +2)
A weak demonic guardian rushes to your aid.


Message History

The goblin is severely wounded.
The orc barely misses you. The goblin barely misses you. The orc hits you.
* * * LOW HITPOINT WARNING * * *
The goblin completely misses you. The goblin closely misses you.
The orc barely misses you. The goblin closely misses you.
Your foxfire dissipates!
The orc misses you.
You feel yourself speed up.
There is a stone staircase leading up here.
The orc hits you but does no damage.
You climb upwards.
There is a stone staircase leading down here.
Casting: Foxfire (safe; 12% risk of failure)
Confirm with . or Enter, or press ? or * to list all spells.
You miscast Foxfire.
You are very lightly contaminated with residual magic.
Nothing appears to happen.
The orc barely misses you.
Casting: Foxfire (safe; 12% risk of failure)
Confirm with . or Enter, or press ? or * to list all spells.
You conjure some foxfire!
The orc misses you.
The foxfire hits the orc.
The orc is lightly wounded.
The foxfire hits the orc but does no damage.
The orc is lightly wounded.
The orc barely misses you.
You hit the orc but do no damage.
The orc is lightly wounded.
The orc hits you.
* * * LOW HITPOINT WARNING * * *
Your magical contamination has completely faded away.
Casting: Foxfire (safe; 12% risk of failure)
Confirm with . or Enter, or press ? or * to list all spells.
You conjure some foxfire!
The orc hits you but does no damage.
The foxfire hits the orc but does no damage.
The orc is lightly wounded.
The orc hits you.
* * * LOW HITPOINT WARNING * * *
A demonic guardian appears!
Your foxfire dissipates!
Are you sure you want to abandon this character and quit the game? (Confirm with "yes".)

#...#### ##.....# .....#.#
##..)#.# ###############
.......# #.............###
.......###### #.########......#
##.##....>..###5# ###.##..##
...............o######........#
.#..#.####....##@....#.#.###.##
.##.#..........#.###.#.#...#.#
....#......##..#.# #.#.#.###.#
.......##.###..#.###.#.#.....#
.......##...#.....รท..#.#######
......#####.##.##.####.#
......# #....#..####.# ......#
######.......# ......#
#..######


You could see an orc (ally target) and a friendly iron imp (summoned).

Vanquished Creatures
  Jessica (D:3)
  A leopard gecko (D:2)
  3 goblins
  2 hobgoblins (D:1)
  A ball python (D:3)
  4 bats
  4 frilled lizards
  4 kobolds (D:2)
  2 rats (D:2)
22 creatures vanquished.

Vanquished Creatures (others)
  38 foxfires
38 creatures vanquished.

Grand Total: 60 creatures vanquished

Notes
Turn   | Place    | Note
-------+----------+-------------------------------------------
     0 | D:1      | Chiseanne the Demonspawn Wanderer began the quest for the
                  | Orb.
     0 | D:1      | Chiseanne set off with the following items: a +0 dagger, a
                  | +0 ring mail, a +0 kite shield; and the following spell
                  | memorised: Foxfire; and the following spells available to
                  | memorise: Ignite Poison
     0 | D:1      | Reached XP level 1. HP: 18/18 MP: 3/3
   929 | D:1      | Gained mutation: You are partially covered in slimy green
                  | scales. (AC +2) [demonic ancestry]
   929 | D:1      | Reached XP level 2. HP: 12/24 MP: 5/5
  2404 | D:3      | Noticed Jessica
  2420 | D:3      | Killed Jessica
  2421 | D:3      | Gained mutation: A weak demonic guardian rushes to your
                  | aid. [demonic ancestry]
  2421 | D:3      | Reached XP level 3. HP: 6/29 MP: 1/6
  2450 | D:2      | Quit the game

Illustrated notes

Levels and vault maps discovered:
D:1:      lightli_molten_gateway, layout_basic
D:2:      layout_basic, moated_statue
D:3:      layout_loops_ring, uniq_jessica, uniq_robin

Skill      XL: |  1 |
---------------+----+-----
Armour         | 2 |  2.1
Fighting       | |  3.2
Stealth        | |  1.0
Shields        | |  1.6
Spellcasting   | |  2.4
Conjurations   | |  0.7
Fire Magic     | |  1.3

Action                   || total
-------------------------++-------
Melee: Dagger            ||    91
       Short sword       ||     7
 Cast: Foxfire           ||    25
  Use: Scroll            ||     2
Armor: Ring mail         ||    43
       Robe              ||    10
Dodge: Dodged            ||    50
Block: Kite shield       ||    33

Table legend: (Time is in decaauts)
 A = Elapsed time spent in this place.
 B = Non-inter-level travel time spent in this place.
 C = Inter-level travel time spent in this place.
 D = Time resting spent in this place.
 E = Time spent auto-exploring this place.
 F = Levels seen in this place.
 G = Mean time per level.
                   A        B        C        D        E       F      G
               +--------+--------+--------+--------+--------+-----+--------+
         Total |   2481 |   2424 |     57 |    685 |   1391 |   3 |  827.0 |
       Dungeon |   2481 |   2424 |     57 |    685 |   1391 |   3 |  827.0 |
               +--------+--------+--------+--------+--------+-----+--------+

Top non-repeatable levels by time:
     D:1: 1419 daAuts
     D:2: 968 daAuts
     D:3: 94 daAuts
